 Dungeon Crawl Stone Soup version 0.30-a0-779-g7971cf19c3 (webtiles) character file.

Game seed: 13682720400783217768

2660 Pimp the Thaumaturge (level 9, 0/48 HPs)
             Began as a Deep Elf Venom Mage on Feb 17, 2023.
             Killed from afar by a manticore (17 damage)
             ... with a volley of spikes
             ... on level 7 of the Dungeon.
             The game lasted 00:32:49 (6507 turns).

Pimp the Thaumaturge (Deep Elf Venom Mage)          Turns: 6507, Time: 00:32:50

Health: 0/48       AC:  5    Str:  7    XL:     9   Next: 36%
Magic:  16/34      EV: 15    Int: 27    God:
Gold:   367        SH:  0    Dex: 21    Spells: 20/28 levels left

rFire   . . .      SeeInvis .    c - +4 dagger (venom)
rCold   + . .      Faith    .    (no shield)
rNeg    . . .      Spirit   .    s - +2 robe of the Endless Expanse {rC+ Regen+ MP+9}
rPois   +          Reflect  .    (no helmet)
rElec   .          Harm     .    A - +0 cloak
rCorr   .          Rampage  .    (no gloves)
Will    .....                    (no boots)
Stlth   +++                      x - amulet "Jiefykon" {RegenMP Fragile rPois Str+3 Dex+5}
HPRegen 1.08/turn                (no ring)
MPRegen 0.64/turn                (no ring)

@: radiating poison, spiked
A: talons 2, clever 1, poison resistance
a: no special abilities


You were on level 7 of the Dungeon.
You visited 2 branches of the dungeon, and saw 8 of its levels.
You also visited: Sewer.

You collected 367 gold pieces.

Inventory:

Hand Weapons
 c - a +4 dagger of venom (weapon)
Missiles
 d - 3 atropa-tipped darts
 t - 35 poisoned darts
Armour
 s - the +2 robe of the Endless Expanse (worn) {rC+ Regen+ MP+9}
   (You found it on level 3 of the Dungeon)

   rC:        It protects you from cold.
   MP:        It affects your magic capacity (+9).
   Regen:     It increases your rate of health regeneration.
 A - a +0 cloak (worn)
Jewellery
 x - the amulet "Jiefykon" (around neck) {RegenMP Fragile rPois Str+3 Dex+5}
   (You found it on level 3 of the Dungeon)

   [amulet of magic regeneration]

   It increases your rate of magic regeneration.
   Str:       It affects your strength (+3).
   Dex:       It affects your dexterity (+5).
   rPois:     It protects you from poison.
   Fragile:   It will be destroyed if unequipped.
 z - an amulet of regeneration
Wands
 a - a wand of digging (4)
 k - a wand of polymorph (7)
 y - a wand of mindburst (16)
Scrolls
 f - a scroll of immolation {unknown}
 h - a scroll of teleportation
 j - 2 scrolls of fear
 o - a scroll of magic mapping
 q - a scroll of fog
 v - a scroll of amnesia {unknown}
 D - 3 scrolls of identify
Potions
 b - 3 potions of magic
 e - a potion of might
 g - a potion of cancellation {unknown}
 l - a potion of flight
 n - a potion of mutation
 p - 2 potions of attraction {unknown}
 r - 2 potions of brilliance {unknown}
 w - 2 potions of lignification {unknown}
 C - a potion of heal wounds {unknown}


   Skills:
 + Level 2.1 Fighting
 * Level 5.5 Short Blades
 + Level 4.6 Dodging
 + Level 4.9 Stealth
 + Level 10.2 Spellcasting
 + Level 1.3 Conjurations
 + Level 0.1 Summonings
 + Level 2.5 Transmutations
 + Level 7.3 Poison Magic


You had 20 spell levels left.
You knew the following spells:

 Your Spells              Type           Power      Damage    Failure   Level
a - Sting                 Tmut/Pois      100%       1d8       1%          1
b - Magic Dart            Conj           80%        1d7       2%          1
c - Olgreb's Toxic Radia  Pois           52%        N/A       1%          4
d - Call Imp              Summ           14%        N/A       6%          2

Your spell library contained the following spells:

 Spells                   Type           Power      Damage    Failure   Level
 Poisonous Vapours        Pois/Air       66%        N/A       1%          2
 Wereblood                Tmut           27%        N/A       2%          2
 Mephitic Cloud           Conj/Pois/Air  29%        N/A       3%          3
 Necrotise                Necr           52%        1d6       4%          1
 Sublimation of Blood     Necr           13%        N/A       6%          2
 Vampiric Draining        Necr           13%        2d6       13%         3
 Agony                    Necr           13%        N/A       75%         5
 Summon Hydra             Summ           7%         N/A       100%        7


Dungeon Overview and Level Annotations

Branches:
Dungeon (7/15)             Temple (1/1) D:6           Sewer (visited)

Altars:
Ashenzari
Dithmenos
Elyvilon
Fedhas
Makhleb
Nemelex Xobeh
Okawaru
Qazlal
Trog
Vehumet
Wu Jian
Yredelemnul
Zin
The Shining One

Shops:
D:1 [   D:4 (**   D:5 :


Innate Abilities, Weirdness & Mutations

You have razor-sharp toenails.
Your mind is acute. (Int +4, Str/Dex -1)
Your system is resistant to poisons. (rPois)


Message History

Press: ? - help, Shift-Dir - straight line, f - manticore
Aim: a manticore (moderately wounded, very poisoned, 100% to hit)
The magic dart hits the manticore.
The manticore is moderately wounded.
The manticore looks even sicker.
The barbs in your skin will harm you if you move.
Continue? [Y]es or [N]o only, please.
The barbs in your skin will harm you if you move.
Continue?
Okay, then.
Casting: Magic Dart (safe; 2% risk of failure)
Confirm with . or Enter, or press ? or * to list all spells.
Your toxic radiance grows in intensity.
The manticore looks as sick as possible! x2
The manticore flicks its tail.
The volley of spikes misses you.
You hear a bellow!
Casting: Olgreb's Toxic Radiance (dangerous; 1% risk of failure)
Confirm with . or Enter, or press ? or * to list all spells.
Your toxic radiance grows in intensity.
The manticore looks as sick as possible!
The manticore flicks its tail.
The volley of spikes hits you!!
The barbed spikes become lodged in your body.
Casting: Olgreb's Toxic Radiance (dangerous; 1% risk of failure)
Confirm with . or Enter, or press ? or * to list all spells.
Aiming: Magic Dart (safe; 2% risk of failure)
Press: ? - help, Shift-Dir - straight line, f/p - manticore
Aim: a manticore (severely wounded, extremely poisoned, 100% to hit)
The magic dart hits the manticore.
The manticore is severely wounded.
The manticore flicks its tail.
The volley of spikes hits you.
The barbed spikes become lodged in your body.
Casting: Magic Dart (safe; 2% risk of failure)
Confirm with . or Enter, or press ? or * to list all spells.
Your toxic radiance grows in intensity.
The yak is poisoned.
The manticore flicks its tail.
The volley of spikes hits you!
The barbed spikes become lodged in your body.
You die...

#..## ###...##
##......###
#.........####
#....<...##..##
#.........[...#
##...........##.##
...#......)......<#
##.....###@###.....
##...##.....##....
##.##....[..# ...
###.H..=.### ..
#....####8 .
#.Y###..8.
+.........
#..###..8.
#....####^


You could see a manticore (extremely poisoned) and a yak (poisoned).

Vanquished Creatures
  A hornet (D:7)
  A troll (D:5)
  A wraith (D:6)
  A water moccasin (D:6)
  A black bear (D:4)
  A centaur (D:7)
  An ogre (D:5)
  A phantom (D:6)
  7 kobold brigands
  A gnoll sergeant (D:5)
  A necrophage (D:4)
  A bullfrog (D:6)
  2 scorpions
  2 electric eels (D:6)
  3 jellies
  4 hounds
  An orc wizard (D:7)
  4 iguanas
  Natasha (thrice) (D:3)
  15 gnolls
  A river rat (Sewer)
  10 adders
  2 shadow imps (D:6)
  An ufetubus (D:4)
  6 worms
  3 dart slugs
  4 orcs
  9 endoplasms
  7 giant cockroaches
  4 hobgoblins
  6 jackals
  3 quokkas
  10 ball pythons
  8 bats
  4 frilled lizards
  12 goblins
  18 kobolds
  4 rats
164 creatures vanquished.

Vanquished Creatures (others)
  20 plants
20 creatures vanquished.

Grand Total: 184 creatures vanquished

Notes
Turn   | Place    | Note
-------+----------+-------------------------------------------
     0 | D:1      | Pimp the Deep Elf Venom Mage began the quest for the Orb.
     0 | D:1      | Reached XP level 1. HP: 10/10 MP: 6/6
    64 | D:1      | Found Qaguihom's Antique Armour Emporium.
   273 | D:1      | Reached XP level 2. HP: 9/15 MP: 8/8
   897 | D:2      | Noticed a scorpion
   904 | D:2      | Killed a scorpion
   905 | D:2      | Reached skill level 1 in Short Blades
   905 | D:2      | Reached XP level 3. HP: 14/19 MP: 7/10
   905 | D:2      | Reached XP level 4. HP: 17/24 MP: 7/11
  1349 | D:2      | Found a burning altar of Makhleb.
  1677 | D:3      | Noticed Natasha
  1689 | D:3      | HP: 1/24 [Natasha/magic dart (11)]
  1694 | D:3      | Killed Natasha
  1695 | D:3      | Reached XP level 5. HP: 3/28 MP: 9/12
  1827 | D:3      | Found a white marble altar of Elyvilon.
  1894 | D:3      | Found a basalt altar of Yredelemnul.
  1903 | D:3      | Identified the +2 robe of the Endless Expanse {rC+ Regen+
                  | MP+9}
  2105 | D:3      | Learned a level 1 spell: Magic Dart
  2128 | D:3      | Noticed Natasha
  2137 | D:3      | Killed Natasha
  2172 | D:3      | Identified the amulet "Jiefykon" {RegenMP Fragile rPois
                  | Str+3 Dex+5}
  2215 | D:3      | Noticed Natasha
  2242 | D:3      | Killed Natasha
  2700 | D:3      | Learned a level 4 spell: Olgreb's Toxic Radiance
  2701 | D:4      | Found Ytyekap's General Store.
  2722 | D:4      | Found a glowing drain.
  2728 | D:4      | Reached skill level 1 in Fighting
  2728 | D:4      | Reached XP level 6. HP: 34/34 MP: 13/13
  2740 | Sewer    | Entered a sewer
  2758 | Sewer    | Reached skill level 4 in Spellcasting
  2911 | Sewer    | Reached XP level 7. HP: 37/38 MP: 16/16
  3103 | Sewer    | Reached skill level 5 in Spellcasting
  3103 | Sewer    | Reached skill level 5 in Poison Magic
  3555 | D:4      | Found Semiriqa's Weapon Emporium.
  3557 | D:4      | Found Lohiluasch's Book Emporium.
  3563 | D:4      | Found Reaffofu's Assorted Antiques.
  3614 | D:4      | Reached skill level 6 in Spellcasting
  3658 | D:4      | Found Zaafih's Weapon Shop.
  3795 | D:4      | Reached XP level 8. HP: 43/43 MP: 18/20
  4155 | D:5      | Entered Level 5 of the Dungeon
  4164 | D:5      | Reached skill level 7 in Spellcasting
  4247 | D:5      | Found Ehumalie's Book Emporium.
  4590 | D:5      | Noticed a troll
  4593 | D:5      | Reached skill level 8 in Spellcasting
  4598 | D:5      | Killed a troll
  4800 | D:6      | Reached skill level 5 in Short Blades
  4800 | D:6      | Reached skill level 9 in Spellcasting
  4893 | D:6      | Found a staircase to the Ecumenical Temple.
  4901 | Temple   | Entered the Ecumenical Temple
  5076 | D:6      | Found a stormy altar of Qazlal.
  5077 | D:6      | Noticed an air elemental
  5365 | D:6      | Reached XP level 9. HP: 46/48 MP: 24/24
  5721 | D:7      | Paralysed by a hornet for 1 turns
  5723 | D:7      | Reached skill level 10 in Spellcasting
  5738 | D:7      | Gained mutation: You have sharp toenails. [potion of
                  | mutation]
  5738 | D:7      | Gained mutation: You have razor-sharp toenails. [potion of
                  | mutation]
  5738 | D:7      | Gained mutation: Your system is resistant to poisons.
                  | (rPois) [potion of mutation]
  5738 | D:7      | Gained mutation: Your mind is acute. (Int +4, Str/Dex -1)
                  | [potion of mutation]
  5761 | D:7      | Noticed a two-headed ogre
  5761 | D:7      | Noticed a kobold demonologist
  5762 | D:7      | Noticed a boulder beetle
  5762 | D:7      | Noticed a manticore
  5763 | D:7      | Noticed a cyclops
  5811 | D:6      | HP: 2/48 [wraith (7)]
  5856 | D:6      | Learned a level 2 spell: Call Imp
  5909 | D:6      | Reached skill level 1 in Conjurations
  6507 | D:7      | Killed from afar by a manticore

Illustrated notes

Levels and vault maps discovered:
D:1:      evilmike_arrival_plus, layout_loops_cross, serial_shops,
          nicolae_shop_overgrown_old_shop
D:2:      layout_rooms, basic_altar
D:3:      layout_basic, kennysheep_ying_yang, minmay_misc_feat_iff,
          kennysheep_generic_room_13, uniq_natasha
D:4:      minmay_recursive_quarters, layout_rooms, portal_sewer_entry_b,
          serial_shops, nicolae_shop_bloodbath_and_beyond, shop, shop,
          kennysheep_mini_moat, nicolae_shop_waterfront, nrook_mini_vaults
D:5:      layout_loops_ring, serial_shops, nicolae_shop_advertising_works
          [nicolae_subvault_shop_adworks], minmay_manual_mandibuliform
D:6:      layout_basic, nicolae_qazlal_style_of_elements,
          minmay_temple_entry_waves, kennysheep_minor_cross, serial_bayou_ford_a
D:7:      minmay_the_grid_octo_2x2 [minmay_the_grid_octo_vomiting_pacman,
          minmay_the_grid_octo_clover, minmay_the_grid_octo_chip,
          minmay_the_grid_octo_prize_square_snowflake], layout_cave_pools,
          slow_altar_2, mainiacjoe_overflow_alcove_3, xom_confusion_cloud
Temple:   eino_temple_lava

Skill      XL: |  1  2  3  4  5  6  7  8  9 |
---------------+----------------------------+-----
Poison Magic   | 4 5 6 7 |  7.3
Short Blades   | 1 2 3 4 5 |  5.5
Stealth        | 3 4 |  4.9
Dodging        | 3 4 |  4.6
Transmutations | 2 |  2.5
Fighting       | 1 2 |  2.1
Spellcasting   | 4 6 9 10 | 10.2
Conjurations   | 1 |  1.3
Summonings     | |  0.1

Action                     |  1- 3 |  4- 6 |  7- 9 || total
---------------------------+-------+-------+-------++-------
  Melee: Dagger            |    46 |   125 |   139 ||   310
         Unarmed           |     4 |       |       ||     4
         Punch             |     1 |       |     1 ||     2
         Kick              |       |       |     6 ||     6
   Cast: Sting             |    11 |    21 |     5 ||    37
         Olgreb's Toxic Ra |       |     8 |    53 ||    61
         Magic Dart        |       |       |    47 ||    47
         Call Imp          |       |       |     5 ||     5
    Use: Potion            |       |     3 |     8 ||    11
         Scroll            |       |    10 |     5 ||    15
   Stab: Sleeping          |     2 |     5 |     3 ||    10
         Distracted        |       |       |     1 ||     1
 Armour: Robe              |    13 |    24 |    35 ||    72
  Dodge: Dodged            |    35 |    88 |   115 ||   238

Table legend: (Time is in decaauts)
 A = Elapsed time spent in this place.
 B = Non-inter-level travel time spent in this place.
 C = Inter-level travel time spent in this place.
 D = Time resting spent in this place.
 E = Time spent auto-exploring this place.
 F = Levels seen in this place.
 G = Mean time per level.
                   A        B        C        D        E       F      G
               +--------+--------+--------+--------+--------+-----+--------+
         Total |   6673 |   6312 |    361 |    980 |   3459 |   9 |  741.4 |
       Dungeon |   5725 |   5437 |    288 |    858 |   3022 |   7 |  817.9 |
        Temple |     74 |      1 |     73 |      0 |      0 |   1 |   74.0 |
         Sewer |    873 |    873 |      0 |    122 |    436 |   1 |  873.0 |
               +--------+--------+--------+--------+--------+-----+--------+

Top non-repeatable levels by time:
     D:6: 1583 daAuts
     D:3: 1124 daAuts
     D:1: 884 daAuts
   Sewer: 873 daAuts
     D:4: 754 daAuts
     D:2: 659 daAuts
     D:5: 628 daAuts
     D:7: 90 daAuts
  Temple: 74 daAuts
